 Dungeon Crawl Stone Soup version 0.29.1-13-g9f3cf754e1 (webtiles) character file.

Game seed: 6133922175245780955

12 Olfrad the Trooper (level 2, 27/27 HPs)
             Began as a Minotaur Berserker on Jan 28, 2023.
             Was a Follower of Trog.
             Quit the game on level 2 of the Dungeon on Jan 31, 2023.
             The game lasted 00:04:19 (407 turns).

Olfrad the Trooper (Minotaur Berserker)              Turns: 407, Time: 00:04:19

Health: 27/27      AC:  2    Str: 21    XL:     2   Next: 20%
Magic:  1/1        EV: 12    Int:  4    God:    Trog [*.....]
Gold:   21         SH:  0    Dex:  9    Spells: 1/1 levels left

rFire   . . .      SeeInvis .   a - +0 mace
rCold   . . .      Faith    .   (no shield)
rNeg    . . .      Spirit   .   b - +0 animal skin
rPois   .          Reflect  .   (helmet restricted)
rElec   .          Harm     .   (no cloak)
rCorr   .          Rampage  .   (no gloves)
Will    .....                   (no boots)
Stlth   +.........              (no amulet)
HPRegen 0.09/turn               (no ring)
MPRegen 0.07/turn               (no ring)

@: no status effects
A: horns 2, retaliatory headbutt
a: Renounce Religion, Berserk


You were on level 2 of the Dungeon.
You worshipped Trog.
Trog was aware of your devotion.
You visited 1 branch of the dungeon, and saw 2 of its levels.

You collected 21 gold pieces.

Inventory:

Hand Weapons
 a - a +0 mace (weapon)
 i - a +0 dagger
 j - a +0 hand axe
Armour
 b - a +0 animal skin (worn)
 f - a +0 ring mail
 h - a +0 pair of gloves
Scrolls
 c - 2 scrolls of identify {unknown}
 d - 2 scrolls of teleportation {unknown}
 g - a scroll of poison {unknown}
Potions
 e - 3 potions of curing {unknown}
 k - a potion of lignification {unknown}


   Skills:
 + Level 4.0 Fighting
 + Level 4.0 Maces & Flails
 + Level 2.5 Armour
 + Level 2.3 Dodging


You had one spell level left.
You didn't know any spells.
Your spell library was empty.

Dungeon Overview and Level Annotations

Branches:
Dungeon (2/15)

Altars:


Innate Abilities, Weirdness & Mutations

You have a pair of horns on your head.
You reflexively headbutt those who attack you in melee.


Message History

You open the door.
There is an open door here.
An adder comes into view.
The adder hisses angrily.
The adder barely misses you. You furiously retaliate!
You headbutt the adder, but do no damage.
You barely miss the adder. You headbutt the adder!
The adder is almost dead.
The adder closely misses you. You furiously retaliate!
You headbutt the adder!
You kill the adder!
Trog accepts your kill.
Your Fighting skill increases to level 4!
Your Maces & Flails skill increases to level 4!
You have reached level 2!
You see here an adder corpse.
Found a scroll labelled BYSIRCH ODEIKOU.
Found a stone staircase leading down.
Found 2 viscous orange potions and a murky cyan potion.
As you open the door, it creaks loudly!
Found 8 stones.
There is an open door here.
You see here 8 stones.
There are no items here.
d - 2 scrolls labelled BYSIRCH ODEIKOU (gained 1)
e - 3 viscous orange potions (gained 2)
k - a murky cyan potion
Found an escape hatch in the floor.
Found a stone staircase leading down.
There is a stone staircase leading down here.
You now have 21 gold pieces (gained 8).
Your library has no spells.
Your library has no spells.
Unknown command.
Unknown command.
Unknown command.
Welcome back, Olfrad the Minotaur Berserker.
Trog says: Kill them all!
Press ? for a list of commands and other information.
Unknown command.
Unknown command.
Are you sure you want to abandon this character and quit the game? (Confirm with "yes".)

#.# #.##..†.+......#. #.####
#.##.#.##...####.
#....#####................
#.........###.##.#########
#.....###.# #.##.....
##....###.###'##...##
#####...............
#.##........###.#
#.##@.......# .#
#.##........# . #.##........#
#.##......######### ######
#.#########...#...#
##....###.# #.#.#.#.#
#.........# #######.#...#.###
#.....##### #.....†.#####....
#.....#######.......#####....


There were no monsters in sight!

Vanquished Creatures
  An adder (D:2)
  A goblin (D:2)
  A ball python (D:2)
  A frilled lizard (D:2)
  A rat (D:2)
5 creatures vanquished.

Notes
Turn   | Place    | Note
-------+----------+-------------------------------------------
     0 | D:1      | Olfrad the Minotaur Berserker began the quest for the Orb.
     0 | D:1      | Reached XP level 1. HP: 19/19 MP: 0/0
   280 | D:2      | Reached XP level 2. HP: 22/27 MP: 1/1
   407 | D:2      | Quit the game

Illustrated notes

Levels and vault maps discovered:
D:1:      amcnicky_arrival_gap_in_the_tavern_cellar, layout_rooms,
          shapermc_ecumenical_altar_pompeii, nicolae_figureground_sparkle
D:2:      layout_basic, bh_walls_and_bars

Skill      XL: |  1 |
---------------+----+-----
Fighting       | 4 |  4.0
Maces & Flails | 4 |  4.0
Armour         | |  2.5
Dodging        | |  2.3

Action                   || total
-------------------------++-------
Melee: Mace              ||    10
       Headbutt          ||     1
Dodge: Dodged            ||     8
